 Dungeon Sprint DCSS version 0.31-a0-868-g674d60d6f7 (webtiles) character file.

Game seed: 1102133313434659561

683 rocky1 the Nimble (level 7, -5/55 HPs)
             Began as a Djinni Gladiator on Oct 12, 2023.
             Slain by Menkaure (19 damage)
             ... in the Dungeon (Sprint II: "The Violet Keep of Menkaure").
             The game lasted 00:00:49 (228 turns).

rocky1 the Nimble (Djinni Gladiator)                 Turns: 228, Time: 00:00:50

Health: -5/55      AC:  4    Str: 13    XL:     7   Next: 93%
Gold:   243        EV: 17    Int: 10    God:
                   SH:  0    Dex: 16

rFire   + + .        a - +0 long sword
rCold   x . .        (no shield)
rNeg    . . .        b - +0 leather armour
rPois   ∞            c - +0 helmet
rElec   .            (no cloak)
rCorr   .            (no gloves)
SInv    .            (boots unavailable)
Will    .....        (no amulet)
Stlth   +            (no ring)
HPRegen 0.29/turn    (no ring)
MPRegen 0.00/turn

%: no teleportation, infuse magic (-6 HP)
@: flying
A: sickness immunity, fire resistance 2, cold vulnerability 1, float, innate
caster, HP casting, extra vitality 1
a: no special abilities


You were in the Dungeon.
You visited 1 branch You collected 243 gold pieces.

Inventory:

Hand Weapons
 a - a +0 long sword (weapon)
Missiles
 d - 3 throwing nets (quivered)
 e - a javelin
Armour
 b - a +0 leather armour (worn)
 c - a +0 helmet (worn)
Scrolls
 j - a scroll of blinking
Potions
 f - a potion of curing


   Skills:
 + Level 5.8 Fighting
 * Level 10.3 Long Blades
 + Level 4.5 Throwing
 + Level 1.0 Armour
 + Level 10.6 Dodging


You knew the following spells:

 Your Spells              Type           Power      Damage    Failure   Level
a - Shock                 Conj/Air       0%         1d3       43%         1
b - Jinxbite              Hex            0%         N/A       58%         2
c - Static Discharge      Conj/Air       0%         2-2/arc   58%         2
Your spell library was empty.

Dungeon Overview and Level Annotations

Branches:
Dungeon (1/1)

Altars:

Annotations:
D Menkaure, Roxanne


Innate Abilities, Weirdness & Mutations

You are immune to sickness and miasma.
You are immune to poison.
Your flesh is very heat resistant. (rF++)
You are vulnerable to cold. (rC-)
You float through the air rather than walking.
You learn spells naturally, not from books.
Your magical power is your life essence.
You have superior vitality. (+4 MHP)


Message History

You slash the water moccasin!
You kill the water moccasin!
Your Long Blades skill increases to level 10!
Your Armour skill increases to level 1!
There is an open door, spattered with blood here.
You see here a water moccasin corpse.
Things that are here:
a +0 trident; a merfolk corpse
Found 243 gold pieces.
Marking area around Roxanne as unsafe for travelling.
Menkaure, Prince of Dust comes into view.
You see here 243 gold pieces.
There is an open door here.
Menkaure shouts!
Menkaure mumbles some strange words.
Menkaure seems to speed up.
Which direction?
As you close the gate, it creaks loudly!
Menkaure gestures at you while chanting.
Pain shoots through your body!
You completely miss Menkaure. Menkaure hits you!!
You barely miss Menkaure.
Menkaure calls on the powers of darkness!
Your body is wracked with pain!
* * * LOW HITPOINT WARNING * * *
Unknown command.
Menkaure splashes around in the water.
There is an open door here.
Unknown command.
You feel much better. Menkaure hits you!
* * * LOW HITPOINT WARNING * * *
Unknown command.
You hit Menkaure but do no damage. Menkaure closely misses you.
You slash Menkaure! Your punch misses Menkaure.
Menkaure is moderately damaged.
Menkaure splashes around in the water.
You hit Menkaure.
Menkaure is heavily damaged.
Menkaure hits you!!
You die...

####+####
##~~~§~.~##
##~.§§§§§§§##
+§~~.§8§§§.~#
#§§~~§§§§§#
#~§~~§§~#
#~~#+++#'''##
~~~.~~M~....#
~~~~§##@##..#
~~~ ##.$.## #
~ #.~#..#
####.).##
##.###†##
#...##.##
#.†.<.+
#...##.##
##.###+#


You could see Roxanne and Menkaure (fast).

Vanquished Creatures
  A merfolk siren (D)
  A water moccasin (D)
  4 necrophages (D)
6 creatures vanquished.

Notes
Turn   | Place    | Note
-------+----------+-------------------------------------------
     0 | D        | rocky1 the Djinni Gladiator began the quest for the Orb.
     0 | D        | Reached XP level 1. HP: 18/18 MP: 0/0
     1 | D        | Noticed a merfolk siren
     8 | D        | Killed a merfolk siren
     9 | D        | Reached skill level 5 in Fighting
     9 | D        | Reached XP level 2. HP: 23/28 MP: 0/0
     9 | D        | Reached XP level 3. HP: 27/33 MP: 0/0
     9 | D        | Learned a level 1 spell: Shock
     9 | D        | Reached XP level 4. HP: 32/39 MP: 0/0
     9 | D        | Reached XP level 5. HP: 36/43 MP: 0/0
     9 | D        | Learned a level 2 spell: Jinxbite
     9 | D        | Reached XP level 6. HP: 41/49 MP: 0/0
    24 | D        | Reached XP level 7. HP: 24/54 MP: 0/0
    24 | D        | Learned a level 2 spell: Static Discharge
    37 | D        | Reached skill level 10 in Dodging
   196 | D        | Noticed a water moccasin
   208 | D        | Killed a water moccasin
   209 | D        | Reached skill level 10 in Long Blades
   209 | D        | Reached skill level 1 in Armour
   212 | D        | Noticed Roxanne
   213 | D        | Noticed Menkaure
   228 | D        | Slain by Menkaure

Illustrated notes

Levels and vault maps discovered:
D:        the_violet_keep_of_menkaure [sprint2_stairs_cluster_1,
          sprint2_shoproom, sprint2_temple, sprint2_basic_supplies,
          sprint2_obstacle_7, sprint2_obstacle_5, sprint2_obstacle_6,
          sprint2_obstacle_4, sprint2_obstacle_1, sprint2_timed_cluster_1,
          sprint2_smallroom_cluster_1, sprint2_smallroom_final_cluster_1,
          sprint2_transparent_cluster_1, sprint2_second_timed_cluster_1,
          sprint2_sniper_area_1, sprint2_heavy_combat_area_1,
          sprint2_mutation_trap_area_1, sprint2_forest_area_1,
          sprint2_light_combat_area_1, sprint2_behind_water_1,
          sprint2_near_end_vault_1]

Skill      XL: |  1  2  3  4  5  6  7 |
---------------+----------------------+-----
Fighting       | 5 |  5.8
Long Blades    | 7 8 10 | 10.3
Throwing       | 4 |  4.5
Dodging        | 9 10 | 10.6
Armour         | 1 |  1.0

Action                     |  1- 3 |  4- 6 |  7- 9 || total
---------------------------+-------+-------+-------++-------
  Melee: Long sword        |     4 |     9 |    47 ||    60
    Use: Potion            |     2 |       |     1 ||     3
 Armour: Leather armour    |     1 |     5 |    18 ||    24
  Dodge: Dodged            |     2 |     3 |    25 ||    30

Table legend: (Time is in decaauts)
 A = Elapsed time spent in this place.
 B = Non-inter-level travel time spent in this place.
 C = Inter-level travel time spent in this place.
 D = Time resting spent in this place.
 E = Time spent auto-exploring this place.
 F = Levels seen in this place.
 G = Mean time per level.
                   A        B        C        D        E       F      G
               +--------+--------+--------+--------+--------+-----+--------+
         Total |    222 |    222 |      0 |    136 |      0 |   1 |  222.0 |
       Dungeon |    222 |    222 |      0 |    136 |      0 |   1 |  222.0 |
               +--------+--------+--------+--------+--------+-----+--------+

Top non-repeatable levels by time:
       D: 222 daAuts
